 Dungeon Crawl Stone Soup version 0.27.0-1-g7a089689b8 (webtiles) character file.

Game seed: 6428209000477410918

1236 ZARRMARR the Magician (level 8, -4/62 HPs)
             Began as a Purple Draconian Fire Elementalist on Aug 3, 2021.
             Was an Initiate of Ru.
             Killed by divine providence
             ... invoked by an orc priest
              (14 damage)
             ... on level 6 of the Dungeon.
             The game lasted 00:39:58 (8719 turns).

ZARRMARR the Magician (DrFE)                        Turns: 8719, Time: 00:39:59

Health: -4/62      AC:  9    Str: 11    XL:     8   Next: 24%
Magic:  16/16      EV: 12    Int: 17    God:    Ru [......]
Gold:   518        SH:  0    Dex: 12    Spells: 16/17 levels left

rFire    + . .     SeeInvis .   b - +0 short sword
rCold    x . .     Faith    .   (no shield)
rNeg     + . .     Spirit   .   (armour unavailable)
rPois    .         Reflect  .   (helmet restricted)
rElec    .         Harm     .   q - +2 cloak
rCorr    .         Rampage  .   (no gloves)
Will     +....                  (no boots)
Stlth    ++........             p - amulet of magic regeneration
HPRegen  0.20/turn              u - ring of fire
MPRegen  0.40/turn              w - ring of positive energy

@: short of breath
A: breathe power, AC +6, unfitting armour, cold-blooded
a: Breathe Dispelling Energy, Renounce Religion


You were on level 6 of the Dungeon.
You worshipped Ru.
Ru was noncommittal.
You visited 1 branch of the dungeon, and saw 6 of its levels.
You also visited: Ossuary.

You collected 518 gold pieces.

Inventory:

Hand Weapons
 b - a +0 short sword (weapon)
 i - a +1 vorpal dire flail
 t - a +1 trident of protection
 L - a +0 spear
Missiles
 d - 158 stones
 j - 19 poisoned darts (quivered)
 k - a throwing net
Armour
 q - a +2 cloak (worn)
Jewellery
 p - an amulet of magic regeneration (around neck)
 u - a ring of fire (left hand)
 w - a ring of positive energy (right hand)
 z - a ring of resist corrosion
 G - a ring of magical power
 H - a ring of poison resistance
Wands
 s - a wand of paralysis (8)
 x - a wand of flame (19)
 I - a wand of polymorph (13)
Scrolls
 c - 2 scrolls of magic mapping
 f - a scroll of summoning
 l - a scroll of enchant weapon
 n - a scroll of amnesia
 o - a scroll of enchant armour
 v - a scroll of vulnerability
 y - a scroll of silence
 B - a scroll of immolation
 J - a scroll of noise {unknown}
Potions
 a - 2 potions of degeneration {unknown}
 g - 3 potions of lignification
 h - a potion of heal wounds {unknown}
 m - 4 potions of attraction {unknown}
 r - 2 potions of curing {unknown}
 A - 2 potions of cancellation {unknown}
 C - a potion of might {unknown}
 D - 4 potions of flight {unknown}
 E - a potion of brilliance {unknown}
 F - a potion of mutation {unknown}


   Skills:
 + Level 2.7 Fighting
 + Level 3.6 Short Blades
 + Level 2.3 Throwing
 + Level 3.1 Dodging
 + Level 3.3 Stealth
 + Level 5.4 Spellcasting
 + Level 3.5 Conjurations
 + Level 4.9 Fire Magic


You had 16 spell levels left.
You knew the following spells:

 Your Spells              Type           Power      Damage    Failure   Level
a - Foxfire               Conj/Fire      100%       2x1d9     2%          1

Your spell library contained the following spells:

 Spells                   Type           Power      Damage    Failure   Level
 Shock                    Conj/Air       40%        1d5       7%          1
 Conjure Flame            Conj/Fire      28%        6-21      7%          3
 Static Discharge         Conj/Air       10%        N/A       10%         2
 Inner Flame              Hex/Fire       19%        N/A       16%         3
 Sticky Flame             Conj/Fire      28%        2d5       24%         4
 Gell's Gravitas          Tloc           2%         N/A       38%         3
 Swiftness                Air            4%         N/A       38%         3
 Teleport Other           Tloc           4%         N/A       38%         3
 Fireball                 Conj/Fire      14%        3d8       54%         5
 Airstrike                Air            2%         N/A       80%         4
 Lightning Bolt           Conj/Air       5%         1d17      88%         5
 Dispersal                Tloc           2%         N/A       100%        6
 Maxwell's Capacitive Co  Air            2%         ∞         100%        8


Dungeon Overview and Level Annotations

Branches:
Dungeon (6/15)            Ossuary (visited)
 Temple: D:4-7

Altars:
Cheibriados
Dithmenos
Nemelex Xobeh
Ru
Xom

Shops:
D:6 ?


Innate Abilities, Weirdness & Mutations

You can breathe bolts of dispelling energy.
Your rich purple scales are hard. (AC +6)
You cannot fit into any form of body armour.
You are cold-blooded and may be slowed by cold attacks.


Message History

The foxfire hits the orc but does no damage.
You hear a shout!
Press: ? - help, Shift-Dir - straight line, f/p - orc wizard
Aim: an orc wizard, wielding a +0 dagger and wearing a +0 robe You breathe a bolt of dispelling energy.
The bolt of dispelling energy hits the orc wizard!
The orc wizard is severely wounded.
The orc wizard casts a spell.
The orc wizard flickers and vanishes!
Deactivating autopickup; reactivate with Ctrl-A.
Casting: Foxfire (safe; 2% risk of failure)
Confirm with . or Enter, or press ? or * to list all spells.
You feel a surge of power!
You conjure some foxfire!
The orc priest calls down the wrath of Beogh upon you.
Beogh smites you!
You barely miss the orc.
The foxfire hits the orc but does no damage.
The foxfire hits the orc!
You kill the orc!
The orc priest invokes the aid of Beogh against you.
Beogh smites you!
You barely miss the orc priest.
The orc priest hits you with a +0 short sword.
You closely miss the orc priest.
A wight comes into view. It is wielding a +3 hand axe.
A wight comes into view. It is wielding a +0 spear.
The orc priest hits you but does no damage.
You barely miss the orc priest.
A water moccasin skeleton comes into view.
The orc priest mumbles some strange prayers to Beogh against you.
Beogh smites you!
As you read the scroll of fog, it crumbles to dust.
The scroll dissolves into smoke.
The orc priest hits you with a +0 short sword.
The orc priest invokes the aid of Beogh against you.
Beogh smites you!
* * * LOW HITPOINT WARNING * * *
The orc priest mumbles some strange prayers to Beogh against you.
Beogh smites you!
You die...

#### ##### #..#...#...#...# ...#
#...###_.............. ##.###
#.#...#..#...#...#...# ##...#
#.#####...............
...#.#######.####################
##.............)[.......#
####...####^######.#...#######
###......######...§§§...... ###
#####.....@...o##§####### ..#
##.#####...##§§§§o# #.## ####.#
#...######{o# ...######....#
#.#.# ##o... .#.....##.#### #.#.#
..... .#####....## ## ##### ...zZ
. #####...###.# ...z.
...............# .....
.#######.....#.# .....


You could see an orc priest.

Vanquished Creatures
  Sigmund (D:5)
  Edmund (D:5)
  A sky beast (D:6)
  A necrophage (D:5)
  A phantom (D:6)
  A gnoll sergeant (D:6)
  2 scorpions (D:5)
  A wyvern skeleton (D:5)
  A water moccasin skeleton (D:5)
  A howler monkey (D:5)
  An orc priest (D:6)
  A gnoll shaman (D:5)
  Terence (D:3)
  8 mummies (Ossuary)
  10 gnolls
  3 adders
  A shadow imp (D:5)
  3 worms (D:4)
  An adder skeleton (D:5)
  A dart slug (D:5)
  8 orcs
  4 bats
  7 endoplasms
  3 giant cockroaches
  A gnoll zombie (Ossuary)
  8 hobgoblins
  6 jackals
  3 kobolds
  A quokka (D:4)
  3 ball pythons
  A frilled lizard (D:2)
  5 goblins
  A hobgoblin zombie (Ossuary)
  2 kobold zombies (Ossuary)
  4 orc zombies (Ossuary)
  2 rats
100 creatures vanquished.

Vanquished Creatures (others)
  307 foxfires
307 creatures vanquished.

Grand Total: 407 creatures vanquished

Notes
Turn   | Place    | Note
-------+----------+-------------------------------------------
     0 | D:1      | ZARRMARR the Draconian Fire Elementalist began the quest
                  | for the Orb.
     0 | D:1      | Reached XP level 1. HP: 14/14 MP: 3/3
   266 | D:1      | Reached XP level 2. HP: 11/20 MP: 5/5
   546 | D:1      | You fall into a shaft and drop 1 floor!
  2047 | D:3      | Reached XP level 3. HP: 26/26 MP: 1/6
  2133 | D:3      | Found a snail-covered altar of Cheibriados.
  2560 | D:3      | Reached skill level 1 in Fighting
  2659 | D:3      | Found a faded altar of an unknown god.
  2796 | D:3      | Noticed Terence
  2812 | D:3      | HP: 1/28 [Terence (4)]
  2813 | D:3      | Killed Terence
  2814 | D:3      | Reached XP level 4. HP: 1/35 MP: 5/7
  3349 | D:3      | Found a sparkling altar of Nemelex Xobeh.
  4172 | D:4      | Reached skill level 1 in Short Blades
  4351 | D:5      | Entered Level 5 of the Dungeon
  4374 | D:5      | Found a sand-covered staircase.
  4383 | Ossuary  | Entered an ossuary
  4464 | Ossuary  | Reached XP level 5. HP: 40/40 MP: 5/8
  4955 | D:5      | Reached skill level 3 in Spellcasting
  4955 | D:5      | Reached XP level 6. HP: 46/47 MP: 8/10
  5071 | D:5      | Reached skill level 1 in Throwing
  5330 | D:5      | Your scales start taking on a rich purple colour.
  5330 | D:5      | Reached skill level 4 in Spellcasting
  5330 | D:5      | Reached XP level 7. HP: 43/53 MP: 11/13
  5403 | D:5      | Found a shadowy altar of Dithmenos.
  5403 | D:5      | Noticed Edmund
  5434 | D:5      | Killed Edmund
  5789 | D:5      | Found a sacrificial altar of Ru.
  5805 | D:5      | Became a worshipper of Ru the Awakened
  5822 | D:5      | Noticed Sigmund
  5833 | D:5      | Killed Sigmund
  6746 | D:5      | Reached skill level 5 in Spellcasting
  7453 | D:6      | Reached XP level 8. HP: 20/62 MP: 15/15
  7894 | D:6      | Found a shimmering altar of Xom.
  8010 | D:6      | Found Ysocwel's Magic Scroll Emporium.
  8719 | D:6      | Killed from afar by an orc priest

Illustrated notes

Levels and vault maps discovered:
D:1:      saegor_arrival_simple_d, layout_basic, minmay_ruptured
D:2:      layout_basic
D:3:      layout_loops_corners, mainiacjoe_overflow_boulevard,
          nicolae_overflow_hidden_temple, dreamdust_ecumenical_altar_statues,
          saegor_snake_ambush, uniq_terence
D:4:      layout_rooms
D:5:      layout_loops_ring, mainiacjoe_overflow_brackets,
          mainiacjoe_overflow_small_starburst, enter_ossuary_1,
          chequers_serial_rivers_large_a, uniq_edmund, uniq_sigmund
D:6:      layout_rooms, lemuel_coloured_pillars_altar, serial_shops,
          nicolae_lakefront_shop, shop_coins, minmay_small_thing

Skill      XL: |  1  2  3  4  5  6  7 |
---------------+----------------------+-----
Stealth        | 2 3 |  3.3
Dodging        | 2 3 |  3.1
Fighting       | 1 2 |  2.7
Short Blades   | 1 2 3 |  3.6
Fire Magic     | 4 |  4.9
Conjurations   | 2 3 |  3.5
Spellcasting   | 3 4 5 |  5.4
Throwing       | 1 2 |  2.3

Action                   |  1- 3 |  4- 6 |  7- 9 || total
-------------------------+-------+-------+-------++-------
Melee: Short sword       |    60 |    94 |   107 ||   261
       Unarmed           |     6 |       |       ||     6
       Tailslap          |     7 |     6 |     9 ||    22
Throw: Stone             |     1 |       |       ||     1
       Dart              |    10 |    22 |    23 ||    55
 Cast: Foxfire           |    41 |    81 |    52 ||   174
 Abil: Breathe Dispellin |       |       |     5 ||     5
  Use: Scroll            |     3 |     5 |    10 ||    18
 Stab: Sleeping          |       |     2 |     1 ||     3
Armor: Skin              |    31 |    29 |    41 ||   101
Dodge: Dodged            |    39 |    56 |    55 ||   150
